Map: [TLMC15] Glittering Ashes

Players

Trap - Winner!

  • Race: Protoss Protoss

TeebuL

  • Race: Protoss Protoss

Event: DreamHack SC2 Masters 2021 Winter

VOD

Have the link to the VOD?

Description

Time

  • Played on: Nov. 9, 2021, 8:15 a.m.
  • Length: 8:32

All games in this series

Show
View Real Time Build Order
Export as new Build Order

Trap Protoss - Winner!

Build Orders: Oracle Opening, Blink Stalkers 

Get SALT Encoding   

  12  0:00  Probe  
  13  0:12  Probe  
  14  0:19  Pylon  
  14  0:24  Probe  
  15  0:37  Gateway, Probe (Chrono Boost)  
  16  0:46  Probe (Chrono Boost)  
  16  0:48  Assimilator  
  17  0:51  Probe (Chrono Boost)  
  18  1:03  Probe (Chrono Boost)  
  19  1:04  Assimilator  
  19  1:12  Gateway  
  19  1:15  Probe (Chrono Boost)  
  20  1:22  Probe (Chrono Boost)  
  20  1:24  Cybernetics Core  
  21  1:29  Probe  
  22  1:34  Pylon  
  22  1:41  Probe  
  23  1:53  Probe  
  24  1:59  Pylon  
  24  2:00  Stalker  
  24  2:01  Stalker  
  28  2:09  Pylon  
  28  2:12  Warp Gate  
  28  2:29  Probe  
  29  2:41  Probe  
  29  2:42  Stargate  
  30  2:56  Nexus  
  30  2:59  Probe  
  31  3:07  Shield Battery  
  31  3:11  Probe  
  31  3:25  Twilight Council, Shield Battery  
  31  3:32  Oracle  
  34  3:36  Probe  
  35  3:41  Pylon  
  35  3:48  Probe  
  35  3:54  Gateway  
  36  3:59  Blink (Chrono Boost)  
  36  4:01  Stalker  
  38  4:07  Probe  
  39  4:15  Probe (Chrono Boost)  
  40  4:19  Stalker, Probe (Chrono Boost)  
  43  4:27  Probe (Chrono Boost)  
  43  4:29  Gateway  
  45  4:32  Probe (Chrono Boost)  
  45  4:35  Probe (Chrono Boost)  
  45  4:37  Probe (Chrono Boost)  
  47  4:39  Stalker  
  47  4:42  Probe  
  50  4:46  Probe  
  50  4:49  Pylon  
  50  4:50  Adept  
  53  4:55  Assimilator, Probe  
  53  4:58  Probe  
  55  5:04  Stalker  
  57  5:07  Probe  
  57  5:10  Probe  
  59  5:16  Shield Battery  
  59  5:19  Pylon, Shield Battery  
  59  5:24  Stalker x2  
  61  5:30  Stalker  
  57  5:37  Probe x2  
  57  5:46  Stalker, Pylon  
  57  5:48  Stalker  
  48  5:57  Stalker  
  46  6:04  Stalker  
  44  6:12  Stalker  
  40  6:19  Stalker  
  42  6:28  Stalker  
  42  6:35  Stalker  
  43  6:45  Stalker  
  45  6:47  Shield Battery  
  45  6:51  Stalker  
  47  7:00  Stalker  
  47  7:08  Stalker x2  
  47  7:14  Shield Battery  
  51  7:23  Stalker  
  51  7:25  Probe x2  
  53  7:33  Stalker x2  
  57  7:37  Probe  
  57  7:38  Probe  
Show
View Real Time Build Order
Export as new Build Order

TeebuL Protoss 

Build Orders: Blink Stalkers 

Get SALT Encoding   

  12  0:01  Probe  
  13  0:13  Probe  
  14  0:19  Pylon  
  14  0:26  Probe (Chrono Boost)  
  15  0:38  Gateway, Probe (Chrono Boost)  
  16  0:45  Probe (Chrono Boost)  
  16  0:47  Assimilator  
  17  0:53  Probe (Chrono Boost)  
  18  0:59  Assimilator  
  18  1:05  Probe (Chrono Boost)  
  18  1:06  Pylon  
  19  1:13  Probe (Chrono Boost)  
  20  1:19  Probe  
  21  1:29  Cybernetics Core  
  21  1:31  Zealot, Probe  
  24  1:43  Probe  
  25  1:55  Probe  
  26  2:04  Adept (Chrono Boost)  
  26  2:07  Probe, Stargate  
  29  2:16  Pylon  
  29  2:18  Warp Gate  
  29  2:20  Probe  
  30  2:30  Twilight Council  
  30  2:35  Stalker  
  32  2:45  Shield Battery  
  32  2:55  Pylon  
  32  3:00  Blink (Chrono Boost)  
  32  3:07  Shield Battery  
  31  3:13  Stalker  
  31  3:19  Gateway  
  33  3:23  Gateway  
  31  3:54  Pylon  
  31  4:06  Stalker  
  33  4:14  Gateway  
  33  4:15  Stalker  
  35  4:18  Stalker  
  35  4:30  Stalker  
  37  4:35  Pylon  
  37  4:39  Stalker  
  37  4:41  Stalker  
  41  4:45  Pylon  
  41  4:53  Stalker  
  43  5:02  Stalker  
  43  5:05  Stalker  
  47  5:08  Stalker  
  49  5:24  Stalker  
  51  5:35  Stalker x2  
  47  5:46  Stalker  
  49  5:52  Stalker  
  47  6:00  Stalker  
  47  6:01  Stalker  
  39  6:19  Stalker x2  
  41  6:31  Stalker x2  
  37  6:44  Stalker x2  
  39  6:52  Stalker  
  41  7:06  Stalker x2  
  45  7:19  Stalker  
  45  7:21  Stalker  

Tags
 
Add a new tag
Caveats
  • Supply blocks, unpowered buildings, or Contaminate may cause inaccurate times.
  • Supply counts are checked every 10 seconds.